 Dungeon Crawl Stone Soup version 0.22-a0-614-g34fbaa0 (webtiles) character file.

0 Ekaitz the Conjurer (level 1, 0/10 HPs)
             Began as a Kobold Conjurer on July 19, 2018.
             Slain by a goblin
             ... wielding a +0 club
              (2 damage)
             ... on level 1 of the Dungeon.
             The game lasted 00:01:58 (71 turns).

Ekaitz the Conjurer (Kobold Conjurer)                 Turns: 71, Time: 00:01:58

Health: 0/10       AC:  2    Str:  5    XL:     1   Next: 11%
Magic:  1/3        EV: 15    Int: 16    God:
Gold:   15         SH:  0    Dex: 15    Spells: 3/4 levels left

rFire    . . .     SeeInvis .   (weapon restricted)
rCold    . . .     Gourm    .   (shield restricted)
rNeg     . . .     Faith    .   a - +0 robe
rPois    .         Spirit   .   (no helmet)
rElec    .         Reflect  .   (no cloak)
rCorr    .         Harm     .   (no gloves)
MR       .....                  (no boots)
Stlth    ++........             (no amulet)
HPRegen  0.03/turn              (no ring)
MPRegen  0.08/turn              (no ring)

@: no status effects
A: small, carnivore
a: no special abilities


You were on level 1 of the Dungeon.
You were not hungry.

You visited 1 branch of the dungeon, and saw 1 of its levels.

You collected 15 gold pieces.

Inventory:

Armour
 a - a +0 robe (worn)
Comestibles
 c - 2 rations


   Skills:
 + Level 2.4 Dodging
 + Level 2.6 Stealth
 + Level 2.1 Spellcasting
 + Level 4.0 Conjurations


You had 3 spell levels left.
You knew the following spells:

 Your Spells              Type           Power        Failure   Level  Hunger
a - Magic Dart            Conj           ##..         3%          1    #......

Your spell library contained the following spells:

 Spells                   Type           Power        Failure   Level  Hunger
 Iskenderun's Mystic Bla  Conj           ##......     36%         4    #####..
 Fulminant Prism          Conj/Hex       #.........   65%         4    #####..
 Dazzling Spray           Conj/Hex       #.....       26%         3    ###....
 Force Lance              Conj/Tloc      #.......     65%         4    #####..
 Searing Ray              Conj           ##....       6%          2    ###....


Dungeon Overview and Level Annotations

Branches:
Dungeon (1/15)

Altars:


Innate Abilities, Weirdness & Mutations

You are small and have problems with some larger weapons.
You are carnivorous and can eat meat at any time.


Message History

Confirm with . or Enter, or press ? or * to list all spells.
Aiming: Magic Dart (safe; 3% risk of failure)
Press: ? - help, Shift-Dir - straight line, f/p - rat
Aim: a rat The magic dart hits the kobold.
The kobold is severely wounded.
The kobold closely misses you. The rat closely misses you. The kobold hits you.
* * * LOW HITPOINT WARNING * * *
The rat closely misses you. The kobold closely misses you.
The rat completely misses you. The hobgoblin hits you with a club.
* * * LOW HITPOINT WARNING * * *
A giant cockroach comes into view.
A goblin comes into view. It is wielding a club.
A frilled lizard comes into view.
The goblin closely misses you. The goblin closely misses you.
The giant cockroach misses you. The goblin hits you with a club.
You die...

#######X#^#########...### .
.[....#####≈#D#.....>.#≈# ..
..........#####.###...###...
..#######.......#D##'##.....
###D#X#X############.#......
#D#######D#≈#D#X# #.........
### ###########..###....
##################...###. .#
.?..........K.rg@.........
.........######gs.$..###..
##......## #......#
#........# #[.....#
..........# #.....>.#
...[......# #..l......
.........l# #......####
..........# #......#
..........# #####...


You could see a giant cockroach, a hobgoblin, a goblin, a kobold, a frilled
lizard (wandering) and a rat.

Vanquished Creatures
  A rat (D:1)
1 creature vanquished.

Notes
Turn   | Place    | Note
-------+----------+-------------------------------------------
     0 | D:1      | Ekaitz the Kobold Conjurer began the quest for the Orb.
     0 | D:1      | Reached XP level 1. HP: 10/10 MP: 3/3
     0 | D:1      | Noticed an orb of fire
     0 | D:1      | Noticed a golden dragon
     1 | D:1      | Noticed an iron dragon
     4 | D:1      | Noticed a shadow dragon
     7 | D:1      | Noticed an iron dragon
    11 | D:1      | Noticed an orb of fire
    12 | D:1      | Noticed a large abomination
    14 | D:1      | Noticed a large abomination
    14 | D:1      | Noticed a large abomination
    16 | D:1      | Noticed an iron dragon
    18 | D:1      | Noticed a shadow dragon
    20 | D:1      | Noticed an iron dragon
    20 | D:1      | Noticed a shadow dragon
    20 | D:1      | Noticed a shadow dragon
    22 | D:1      | Noticed a shadow dragon
    22 | D:1      | Noticed a tentacled monstrosity
    71 | D:1      | Slain by a goblin

Vault maps used:
D:1:      shiori_arrival_whats_in_store_for_you, minmay_octomino_e4

Action                   || total
-------------------------++-------
Melee: Unarmed           ||     4
 Cast: Magic Dart        ||     5
Dodge: Dodged            ||    11

Table legend:
 A = Spawn XP
 B = Non-spawn XP
 C = Spawn XP percentage of total XP
 D = Spawn monster count
 E = Non-spawn monster count
 F = Spawn count percentage of total count
 G = Total turns spent on level
                    A         B        C        D         E        F      G
               +---------+---------+-------+---------+---------+-------+---------
         Total |       0 |       1 |   0.0 |       0 |       1 |   0.0 |    71
               +---------+---------+-------+---------+---------+-------+---------
           D:1 |       0 |       1 |   0.0 |       0 |       1 |   0.0 |    71
               +---------+---------+-------+---------+---------+-------+---------
